 Dungeon Crawl Stone Soup version 0.31.0-7-gf635a9b802 (webtiles) character file.

Game seed: 1848600733046213557

134 mtoz the Sneak (level 5, -2/32 HPs)
             Began as a Kobold Brigand on Jan 23, 2024.
             Splashed by a jelly's acid (9 damage)
             ... on level 4 of the Dungeon on Jan 24, 2024.
             The game lasted 00:20:10 (2643 turns).

mtoz the Sneak (Kobold Brigand)                     Turns: 2643, Time: 00:20:10

Health: -2/32      AC: -3    Str: 11    XL:     5   Next: 40%
Magic:  5/5        EV: 15    Int: 12    God:
Gold:   228        SH:  0    Dex: 16    Spells: 4/4 levels left

rFire   + . .        a - +2 dagger
rCold   + . .        (no shield)
rNeg    . . .        s - +2 robe {rC+ rF+}
rPois   .            (no helmet)
rElec   .            c - +0 cloak
rCorr   .            (no gloves)
SInv    .            (no boots)
Will    .....        (no amulet)
Stlth   ++++         k - ring of flight
HPRegen 0.25/turn    (no ring)
MPRegen 0.09/turn

%: no passive effects
@: corroded, flying
A: small, no large weapons, nightstalker 3
a: no special abilities


You were on level 4 of the Dungeon.
You visited 1 branch of the dungeon, and saw 4 of its levels.

You collected 228 gold pieces.

Inventory:

Hand Weapons
 a - a +2 dagger (weapon)
 p - a +0 great sword
 v - a +0 long sword
 x - a +0 flail
 y - a +2 dagger of venom
Missiles
 d - 9 poisoned darts (quivered)
 e - 3 curare-tipped darts
Armour
 b - a +0 robe
 c - a +0 cloak (worn)
 g - a +0 ring mail
 r - a +0 scale mail
 s - a +2 robe of resistance (worn)
Jewellery
 k - a ring of flight (left hand)
Scrolls
 f - a scroll of teleportation
 l - 2 scrolls of amnesia
 n - a scroll of enchant weapon
 o - 3 scrolls of fog
 t - a scroll of fear
 u - a scroll of enchant armour
Potions
 h - a potion of curing
 i - a potion of brilliance {unknown}
 j - a potion of enlightenment {unknown}
 m - a potion of degeneration {unknown}
 q - 2 potions of heal wounds {unknown}
 w - a potion of might {unknown}


   Skills:
 + Level 3.1 Fighting
 + Level 3.8 Short Blades
 + Level 3.1 Throwing
 + Level 0.0 Armour
 + Level 2.5 Dodging
 + Level 6.0 Stealth
 + Level 0.1 Spellcasting
 + Level 0.9 Translocations
 + Level 0.0 Invocations
 + Level 0.0 Evocations


You had 4 spell levels left.
You didn't know any spells.
Your spell library contained the following spells:

 Spells                   Type           Power      Damage    Failure   Level
 Blink                    Tloc           4%         N/A       32%         2
 Lesser Beckoning         Tloc           4%         N/A       32%         2
 Momentum Strike          Conj/Tloc      2%         3d8       38%         2
 Cigotuvi's Dreadful Rot  Necr/Alch/Air  0%         N/A       45%         2
 Gell's Gravitas          Tloc           2%         N/A       54%         3
 Teleport Other           Tloc           2%         N/A       54%         3
 Call Canine Familiar     Summ           0%         N/A       69%         3
 Hailstorm                Conj/Ice       0%         3d5       69%         3
 Sigil of Binding         Hex            0%         N/A       69%         3
 Summon Ice Beast         Ice/Summ       0%         N/A       69%         3
 Dimensional Bullseye     Hex/Tloc       0%         N/A       95%         4
 Dispel Undead            Necr           0%         3d6       97%         4
 Martyr's Knell           Necr/Summ      0%         N/A       97%         4
 Death Channel            Necr           0%         N/A       100%        6
 Dispersal                Tloc           1%         N/A       100%        6
 Sculpt Simulacrum        Ice/Alch       0%         N/A       100%        6


Dungeon Overview and Level Annotations

Branches:
Dungeon (4/15)
 Temple: D:4-7

Altars:
Makhleb
Zin


Innate Abilities, Weirdness & Mutations

You are small and have problems with some larger weapons.
You are completely attuned to the shadows.


Message History

Aim: a jelly (asleep, 98% to hit)
You throw a poisoned dart. The poisoned dart hits the jelly!
The jelly quivers.
The jelly hits you but does no damage.
You hit the jelly.
Your hands burn!
The jelly is moderately wounded.
The jelly hits you. The acid corrodes you!
You are splashed with acid!
You are too injured to fight recklessly!
You are too injured to fight recklessly!
Throw: 11 darts (poison)
Press: ? - help, Q - select action, (/) - cycle Shift-Dir - straight line, f/p - jelly
Aim: a jelly (moderately wounded, 89% to hit)
You throw a poisoned dart. The poisoned dart hits the jelly.
The jelly is poisoned.
The jelly is moderately wounded.
The jelly hits you.
You are splashed with acid!
The jelly attacks as it pursues you! The jelly barely misses you.
Okay, then.
Okay, then.
Press: ? - help, v - describe, . - travel
Here: a jelly (moderately wounded, poisoned)
The floor.
Okay, then.
Okay, then.
It was a potion of curing.
You feel better.
You hit the jelly but do no damage. The acid corrodes you!
Your hands burn!
The jelly is heavily wounded.
The jelly hits you.
You are splashed with acid!
* * * LOW HITPOINT WARNING * * *
The jelly attacks as it pursues you! The jelly misses you.
The jelly looks more healthy.
Throw: 10 darts (poison)
Press: ? - help, Q - select action, (/) - cycle Shift-Dir - straight line, f/p - jelly
Aim: a jelly (heavily wounded, 89% to hit)
You throw a poisoned dart. The poisoned dart hits the jelly.
The jelly is heavily wounded.
The jelly hits you.
* * * LOW HITPOINT WARNING * * *
You are splashed with acid!
You die...

.... ##.# ##.... ######
#.. #..(. .....# #.# #.<#
.....######.########..##
.....##.........@J.......
.....#..###..######.....#
............## #....##
......####### .....#
......# #.#..# ......#
......# ... ....


You could see a jelly.

Vanquished Creatures
  A bombardier beetle (D:3)
  4 adders
  A ribbon worm (D:2)
  6 endoplasms
  4 giant cockroaches
  3 goblins
  2 hobgoblins (D:3)
  7 jackals
  7 quokkas
  5 ball pythons
  7 bats
  4 frilled lizards
  3 kobolds
  8 rats
62 creatures vanquished.

Notes
Turn   | Place    | Note
-------+----------+-------------------------------------------
     0 | D:1      | mtoz the Kobold Brigand began the quest for the Orb.
     0 | D:1      | Reached XP level 1. HP: 12/12 MP: 1/1
   312 | D:1      | Reached XP level 2. HP: 18/18 MP: 2/2
   820 | D:2      | Reached XP level 3. HP: 22/22 MP: 3/3
  1072 | D:2      | Found a faded altar of an unknown god.
  1082 | D:2      | Reached XP level 4. HP: 18/27 MP: 4/4
  2056 | D:3      | Reached skill level 6 in Stealth
  2056 | D:3      | Reached XP level 5. HP: 32/32 MP: 5/5
  2138 | D:3      | Found a burning altar of Makhleb.
  2139 | D:3      | Found a glowing silver altar of Zin.
  2140 | D:3      | Noticed a blizzard demon
  2146 | D:3      | Noticed an angel
  2643 | D:4      | Splashed by a jelly's acid

Illustrated notes

Levels and vault maps discovered:
D:1:      dpeg_arrival_arbitrary_c, layout_loops_ring, fountainhead
D:2:      layout_basic, basic_ecumenical_altar, minmay_cut_off
D:3:      layout_loops_ring, grunt_temple_overflow_order_and_chaos_2
D:4:      layout_rooms, minmay_temple_entry_enclosed_plants, serial_forest,
          infiniplex_forest_clump_double, infiniplex_forest_lined_2,
          infiniplex_forest_end_2, infiniplex_forest_corner_2,
          infiniplex_forest_lined_corner, infiniplex_forest_straight_2,
          infiniplex_forest_lined_2, infiniplex_forest_clump_cross,
          minmay_bisected

Skill      XL: |  1  2  3  4 |
---------------+-------------+-----
Short Blades   | 3 |  3.8
Dodging        | 2 |  2.5
Throwing       | 3 |  3.1
Fighting       | 3 |  3.1
Stealth        | 6 |  6.0
Spellcasting   | |  0.1
Translocations | |  0.9

Action                     |  1- 3 |  4- 6 || total
---------------------------+-------+-------++-------
  Melee: Dagger            |    70 |    91 ||   161
  Throw: Dart              |     2 |     9 ||    11
    Use: Scroll            |     1 |     5 ||     6
         Potion            |       |     1 ||     1
   Stab: Sleeping          |    13 |    16 ||    29
         Distracted        |     1 |       ||     1
 Armour: Ring mail         |    20 |       ||    20
         Robe              |     1 |    29 ||    30
  Dodge: Dodged            |    33 |    67 ||   100
